 Dungeon Crawl Stone Soup version 0.29-a0-334-gb41bcbb86e (webtiles) character file.

Game seed: 4727543076547710939

35 zeratav the Grasshopper (level 3, -1/31 HPs)
             Began as a Gnoll Warper on Apr 15, 2022.
             Slain by a worm (9 damage)
             ... on level 2 of the Dungeon.
             The game lasted 00:01:59 (1771 turns).

zeratav the Grasshopper (Gnoll Warper)              Turns: 1771, Time: 00:01:59

Health: -1/31      AC:  3    Str: 12    XL:     3   Next: 35%
Magic:  9/9        EV: 12    Int: 12    God:
Gold:   72         SH:  0    Dex: 11    Spells: 12/12 levels left

rFire   . . .      SeeInvis .   a - +0 hand axe {axe}
rCold   . . .      Faith    .   (no shield)
rNeg    . . .      Spirit   .   b - +0 leather armour
rPois   .          Reflect  .   (no helmet)
rElec   .          Harm     .   (no cloak)
rCorr   .          Rampage  .   (no gloves)
Will    .....                   (no boots)
Stlth   +.........              (no amulet)
HPRegen 0.10/turn               (no ring)
MPRegen 0.11/turn               (no ring)

@: no status effects
A: fangs 1, strong nose, distributed training
a: no special abilities


You were on level 2 of the Dungeon.
You visited 1 branch of the dungeon, and saw 2 of its levels.

You collected 72 gold pieces.


Innate Abilities, Weirdness & Mutations

You have very sharp teeth.
Your uncanny sense of smell can sniff out nearby items.
Your experience applies equally to all skills.


   Skills:
 + Level 4.5 Fighting
 + Level 0.7 Short Blades
 + Level 0.7 Long Blades
 + Level 4.5 Axes
 + Level 0.7 Maces & Flails
 + Level 0.7 Polearms
 + Level 0.7 Staves
 + Level 0.7 Slings
 + Level 0.7 Bows
 + Level 0.7 Crossbows
 + Level 2.6 Throwing
 + Level 2.6 Armour
 + Level 4.5 Dodging
 + Level 0.7 Stealth
 + Level 0.7 Shields
 + Level 0.7 Unarmed Combat
 + Level 5.0 Spellcasting
 + Level 0.5 Conjurations
 + Level 0.5 Hexes
 + Level 0.5 Summonings
 + Level 0.5 Necromancy
 + Level 5.4 Translocations
 + Level 0.5 Transmutations
 + Level 0.5 Fire Magic
 + Level 0.5 Ice Magic
 + Level 0.5 Air Magic
 + Level 0.5 Earth Magic
 + Level 0.5 Poison Magic
 + Level 0.9 Invocations
 + Level 0.7 Evocations


You had 12 spell levels left.
You didn't know any spells.
Your spell library contained the following spells:

 Spells                   Type           Power      Damage    Failure   Level
 Blink                    Tloc           32%        N/A       4%          2
 Gell's Gravitas          Tloc           16%        N/A       9%          3
 Lesser Beckoning         Tloc           16%        N/A       9%          3
 Teleport Other           Tloc           16%        N/A       9%          3
 Manifold Assault         Tloc           16%        N/A       58%         5

Inventory:

Hand Weapons
 a - a +0 hand axe (weapon) {axe}
 j - a +0 longbow {bow}
   (You found it on level 1 of the Dungeon)
Missiles
 d - 7 boomerangs of dispersal (quivered) {=fthrowing}
Armour
 b - a +0 leather armour (worn)
 i - a +0 chain mail
   (You found it on level 1 of the Dungeon)
 l - a +0 robe
   (You found it on level 1 of the Dungeon)
Scrolls
 c - a scroll of blinking {!r}
 e - a scroll of summoning {unknown}
 f - 2 scrolls of teleportation {unknown}
 h - a scroll of identify {unknown}
 n - a scroll of immolation {unknown}
 o - a scroll of holy word {unknown}
Potions
 g - a potion of curing {unknown}
 k - a potion of degeneration {unknown}
 m - a potion of might {unknown}

Dungeon Overview and Level Annotations

Branches:
Dungeon (2/15)

Altars:

#..†##
#...#
##..#
##.#
##.#
#..#
##.##
###w.#
#..@.#
#....#
#)...#
#....#
#.)..#
#....#
#<...#
######


You could see a worm.


Message History

You closely miss the hobgoblin.
A hobgoblin comes into view.
The hobgoblin closely misses you.
You barely miss the hobgoblin. The hobgoblin hits you.
HP[-3]
You take 3 damage, and now have 18/31 hp.
You barely miss the hobgoblin.
The hobgoblin hits you but does no damage.
You hit the hobgoblin. The hobgoblin hits you.
HP[-2]
You take 2 damage, and now have 16/31 hp.
You hit the hobgoblin.
You kill the hobgoblin!
You closely miss the hobgoblin. The hobgoblin hits you.
* * * LOW HITPOINT WARNING * * *
You hit the hobgoblin. The hobgoblin hits you.
* * * LOW HITPOINT WARNING * * *
You slash the hobgoblin!
You kill the hobgoblin!
HP[-5]
You take 5 damage, and now have 11/31 hp.
Things that are here:
a +0 club {mace}; a hobgoblin corpse HP[+1]
You start resting.
An endoplasm comes into view.
HP[+1]
An endoplasm is nearby!
Found a stone staircase leading down.
The endoplasm quivers.
A worm comes into view.
Found a silvery potion.
Found a stone staircase leading down.
You hit the endoplasm but do no damage.
The endoplasm hits you but does no damage.
The endoplasm freezes you.
You are frozen.
* * * LOW HITPOINT WARNING * * *
HP[-5]
You take 5 damage, and now have 8/31 hp.
You hit the endoplasm. The endoplasm closely misses you.
HP[+1]
You hit the endoplasm.
You kill the endoplasm!
Things that are here:
a +0 club {mace}; a hobgoblin corpse HP[+1]
You see here a hobgoblin corpse.
HP[+1]
There is a stone staircase leading up here.
You climb upwards.
There is a stone staircase leading down here.
HP[+1]
You start resting.
HP[+19]
Your hp is fully restored (31).
You climb downwards.
There is a stone staircase leading up here.
A worm is nearby!
You barely miss the worm. The worm bites you.
HP[-5]
You take 5 damage, and now have 26/31 hp.
You hit the worm. You bite the worm. The worm bites you.
HP[-6]
You take 6 damage, and now have 20/31 hp.
You are too injured to fight recklessly!
You are too injured to fight recklessly!
You are too injured to fight recklessly!
You are too injured to fight recklessly!
You are too injured to fight recklessly!
You are too injured to fight recklessly!
You are too injured to fight recklessly!
You are too injured to fight recklessly!
You are too injured to fight recklessly!
You are too injured to fight recklessly!
You are too injured to fight recklessly!
You are too injured to fight recklessly!
You are too injured to fight recklessly!
You are too injured to fight recklessly!
You are too injured to fight recklessly!
You are too injured to fight recklessly!
You are too injured to fight recklessly!
You are too injured to fight recklessly!
You are too injured to fight recklessly!
You are too injured to fight recklessly!
You are too injured to fight recklessly!
You hit the worm. You punch the worm. You barely miss the worm.
You bite the worm, but do no damage. The worm bites you.
* * * LOW HITPOINT WARNING * * *
HP[-5]
You take 5 damage, and now have 15/31 hp.
You hit the worm. You bite the worm, but do no damage. The worm bites you!
* * * LOW HITPOINT WARNING * * *
HP[-7]
You take 7 damage, and now have 8/31 hp.
MASSIVE DAMAGE!! (PAUSE)
You hit the worm. You bite the worm. You barely miss the worm.
The worm misses you.
You hit the worm. The worm bites you!
You die...

Skill      XL: |  1  2  3 |
---------------+----------+-----
Spellcasting   | 5 |  5.0
Fighting       | |  4.5
Short Blades   | |  0.7
Long Blades    | |  0.7
Axes           | |  4.5
Maces & Flails | |  0.7
Polearms       | |  0.7
Staves         | |  0.7
Slings         | |  0.7
Bows           | |  0.7
Crossbows      | |  0.7
Throwing       | |  2.6
Armour         | |  2.6
Dodging        | |  4.5
Stealth        | |  0.7
Shields        | |  0.7
Unarmed Combat | |  0.7
Conjurations   | |  0.5
Hexes          | |  0.5
Summonings     | |  0.5
Necromancy     | |  0.5
Translocations | |  5.4
Transmutations | |  0.5
Fire Magic     | |  0.5
Ice Magic      | |  0.5
Air Magic      | |  0.5
Earth Magic    | |  0.5
Poison Magic   | |  0.5
Invocations    | |  0.9
Evocations     | |  0.7

Action                   || total
-------------------------++-------
Melee: Hand axe          ||    98
       Bite              ||    11
       Punch             ||     1
 Stab: Sleeping          ||     1
Armor: Leather armour    ||    31
Dodge: Dodged            ||    68

Levels and vault maps discovered:
D:1:      lightli_molten_gateway, layout_basic, serial_rivers,
          chequers_serial_rivers_large_a, chequers_serial_rivers_room_a,
          chequers_serial_rivers_marsh, chequers_serial_rivers_marsh,
          chequers_serial_rivers_micro_d, hangedman_decor_peaks_small
D:2:      layout_rooms, uniq_natasha

Notes
Turn   | Place    | Note
-------+----------+-------------------------------------------
     0 | D:1      | zeratav the Gnoll Warper began the quest for the Orb.
     0 | D:1      | Reached XP level 1. HP: 20/20 MP: 6/6
     0 | D:1      | magus.rc [v1.9.6]
    51 | D:1      | HP: 4/20 [jackal (2)]
    57 | D:1      | Reached XP level 2. HP: 5/26 MP: 7/7
   501 | D:1      | You pick up a book of Displacement and begin reading...
  1272 | D:1      | Reached XP level 3. HP: 31/31 MP: 9/9
  1467 | D:2      | Reached skill level 5 in Spellcasting
  1771 | D:2      | Slain by a worm

Vanquished Creatures
  A dart slug (D:1)
  2 bats (D:1)
  5 endoplasms
  4 hobgoblins
  6 jackals (D:1)
  2 kobolds
  3 ball pythons
  2 frilled lizards (D:1)
  2 goblins
  A rat (D:1)
28 creatures vanquished.

Table legend:
 A = Non-vault XP
 B = Vault XP
 C = Vault XP percentage of total XP
 D = Non-vault monster count
 E = Vault monster count
 F = Vault count percentage of total count
                 A         B        C        D         E       F
            +---------+---------+-------+---------+---------+-------
      Total |      51 |       0 |   0.0 |      28 |       0 |   0.0
            +---------+---------+-------+---------+---------+-------
        D:1 |      36 |       0 |   0.0 |      20 |       0 |   0.0
        D:2 |      15 |       0 |   0.0 |       8 |       0 |   0.0
            +---------+---------+-------+---------+---------+-------

Illustrated notes

Table legend:
 A = Kills in this place as a percentage of kills in entire the game.
 B = Kills by you in this place as a percentage of kills by you in the entire game.
 C = Kills by friends in this place as a percentage of kills by friends in the entire game.
 D = Other kills in this place as a percentage of other kills in the entire game.
 E = Experience gained in this place as a percentage of experience gained in the entire game.
 F = Experience gained in this place divided by the number of levels of this place that you have seen.
                   A       B       C       D       E      F
               +-------+-------+-------+-------+-------+----------------------
         Total | 100.0 | 100.0 |   N/A |   N/A | 100.0 |  25.5
       Dungeon | 100.0 | 100.0 |   N/A |   N/A | 100.0 |  25.5
               +-------+-------+-------+-------+-------+----------------------

Table legend: (Time is in decaauts)
 A = Elapsed time spent in this place.
 B = Non-inter-level travel time spent in this place.
 C = Inter-level travel time spent in this place.
 D = Time resting spent in this place.
 E = Time spent auto-exploring this place.
 F = Levels seen in this place.
 G = Mean time per level.
                   A        B        C        D        E       F      G
               +--------+--------+--------+--------+--------+-----+--------+
         Total |   1790 |   1787 |      3 |    555 |   1008 |   2 |  895.0 |
       Dungeon |   1790 |   1787 |      3 |    555 |   1008 |   2 |  895.0 |
               +--------+--------+--------+--------+--------+-----+--------+

Top non-repeatable levels by time:
     D:1: 1667 daAuts
     D:2: 123 daAuts
